 Dungeon Crawl Stone Soup version 0.30-a0-782-ge64f9170bb (webtiles) character file.

Game seed: 18033940737754504263

2321 mopl the Zephyrmancer (level 9, 0/67 HPs)
             Began as a Black Draconian Air Elementalist on Mar 13, 2023.
             Was a Believer of Vehumet.
             Splashed by a jelly's acid (9 damage)
             ... on level 6 of the Dungeon.
             The game lasted 00:07:40 (4886 turns).

mopl the Zephyrmancer (DrAE)                        Turns: 4886, Time: 00:07:40

Health: 0/67       AC: -4    Str: 10    XL:     9   Next: 19%
Magic:  9/18       EV: 12    Int: 21    God:    Vehumet [**....]
Gold:   277        SH:  0    Dex: 11    Spells: 14/21 levels left

rFire   . . .      SeeInvis .    b - +2 spear (venom)
rCold   . . .      Faith    .    (no shield)
rNeg    . . .      Spirit   .    (body armour unavailable)
rPois   +          Reflect  .    (helmet restricted)
rElec   +          Harm     .    (no cloak)
rCorr   .          Rampage  .    l - +0 pair of gloves
Will    .....                    (no boots)
Stlth   ++                       (no amulet)
HPRegen 0.31/turn                r - ring of poison resistance
MPRegen 0.16/turn                (no ring)

@: short of breath, corroded
A: breathe lightning, AC +7, unfitting armour, electricity resistance,
cold-blooded
a: Breathe Lightning, Renounce Religion


You were on level 6 of the Dungeon.
You worshipped Vehumet.
Vehumet was pleased with you.
You visited 2 branches of the dungeon, and saw 7 of its levels.
You also visited: Sewer.

You collected 390 gold pieces.
You spent 113 gold pieces at shops.

Inventory:

Hand Weapons
 b - a +2 spear of venom (weapon)
 h - a +2 mace of protection
 I - a +0 dagger
Missiles
 j - 7 poisoned darts
Armour
 l - a +0 pair of gloves (worn)
Magical Staves
 a - a staff of air
 A - a staff of death
Jewellery
 d - an amulet of faith {!P}
 r - a ring of poison resistance (left hand)
 C - a ring of ice
Wands
 y - a wand of polymorph (12)
 E - a wand of roots (11)
Scrolls
 c - 2 scrolls of identify
 g - 2 scrolls of torment {unknown}
 i - 2 scrolls of enchant armour {unknown}
 k - a scroll of fog {unknown}
 n - 2 scrolls of summoning {unknown}
 q - a scroll of silence {unknown}
 t - a scroll of teleportation {unknown}
 u - 4 scrolls of blinking {unknown}
 v - 2 scrolls of poison {unknown}
 x - 2 scrolls of enchant weapon {unknown}
 B - a scroll of immolation {unknown}
 F - a scroll of brand weapon {unknown}
 J - a scroll of magic mapping {unknown}
 K - a scroll of fear {unknown}
Potions
 e - a potion of lignification {!q}
 f - a potion of attraction
 m - a potion of mutation {!q}
 o - 2 potions of haste {unknown}
 p - a potion of berserk rage {!q}
 s - 2 potions of curing {unknown}
 w - a potion of brilliance
 z - a potion of heal wounds
 D - a potion of invisibility
 G - a potion of resistance
 H - a potion of magic
 L - a potion of might {unknown}


   Skills:
 + Level 1.9 Fighting
 - Level 1.7 Dodging
 - Level 1.7 Stealth
 + Level 6.6 Spellcasting
 + Level 6.9 Conjurations
 + Level 9.1 Air Magic
 + Level 1.6 Evocations


You had 14 spell levels left.
You knew the following spells:

 Your Spells              Type           Power      Damage    Failure   Level
a - Shock                 Conj/Air       100%       1d9       1%          1
b - Static Discharge      Conj/Air       80%        2-6/arc   1%          2
f - Airstrike             Air            22%        2d(4-20)  2%          4

Your spell library contained the following spells:

 Spells                   Type           Power      Damage    Failure   Level
 Poisonous Vapours        Pois/Air       52%        N/A       2%          2
 Magic Dart               Conj           100%       1d8       1%          1
 Swiftness                Air            45%        N/A       1%          3
 Stone Arrow              Conj/Erth      42%        3d9       7%          3
 Sandblast                Erth           12%        2d6       10%         1
 Passwall                 Tmut/Erth      5%         N/A       14%         2
 Starburst                Conj/Fire      10%        6d5       98%         6
 Fire Storm               Conj/Fire      10%        8d3       100%        9


Dungeon Overview and Level Annotations

Branches:
Dungeon (6/15)             Temple (1/1) D:5           Sewer (visited)

Altars:
Cheibriados
Elyvilon
Hepliaklqana
Kikubaaqudgha
Vehumet

Shops:
D:4 :   D:5 *


Innate Abilities, Weirdness & Mutations

You can breathe wild blasts of lightning.
Your glossy black scales are hard. (AC +7)
You cannot fit into any form of body armour.
You are resistant to electric shocks. (rElec)
You are cold-blooded and may be slowed by cold attacks.


Message History

You resist.
You are struck by an arc of lightning.
* * * LOW HITPOINT WARNING * * *
The jelly is struck by an arc of lightning.
The jelly is almost dead.
You resist.
You are struck by an arc of lightning.
* * * LOW HITPOINT WARNING * * *
The lightning grounds out.
The jelly closely misses you.
Casting: Static Discharge (safe; 1% risk of failure)
Confirm with . or Enter, or press ? or * to list all spells.
The jelly is struck by an arc of lightning.
You kill the jelly!
Vehumet accepts your kill. You resist.
You are struck by an arc of lightning.
Unknown command.
Casting: Static Discharge (safe; 1% risk of failure)
Confirm with . or Enter, or press ? or * to list all spells.
The jelly is struck by an arc of lightning!
The jelly is heavily wounded.
You resist.
You are struck by an arc of lightning.
The jelly is struck by an arc of lightning.
The jelly is almost dead.
You resist.
You are struck by an arc of lightning.
* * * LOW HITPOINT WARNING * * *
The lightning grounds out.
The jelly closely misses you.
Unknown command.
Casting: Static Discharge (safe; 1% risk of failure)
Confirm with . or Enter, or press ? or * to list all spells.
The jelly is struck by an arc of lightning.
You kill the jelly!
Vehumet accepts your kill.
The jelly is struck by an arc of lightning.
The jelly is moderately wounded.
You resist.
You are struck by an arc of lightning.
* * * LOW HITPOINT WARNING * * *
The jelly is struck by an arc of lightning.
The jelly is moderately wounded.
The lightning grounds out.
The jelly hits you.
* * * LOW HITPOINT WARNING * * *
You are splashed with acid!
You die...

#.....##...####.....#
#...
#....##.....###..##.#
#...
#....#.......##.###.#
#...
#<......._........#.#
#...
##.#.#.......##.#.#.#
###...
##.#.##....)##..#.#.#
#.....
#...<.##...######.#.#
#.....
#..#...##.##........#
#.....
####..#......#.@####.###
###... #.......[....#J.#
#.# #...
...##.........#..# #J##
##.# # #.###.....#..#
#..# #.# #.# #.#.....#
##.# #.# #.# ........
#.# #.# #.####..<...##
#.# #.# #####...........
#.)†....# #.#
...............
#.##.##.# #.#


You could see a jelly.

Vanquished Creatures
  Pikel (D:6)
  Sigmund (D:6)
  Menkaure (D:4)
  Pargi (Sewer)
  An ogre (D:5)
  2 lemures (D:6)
  2 phantoms (D:5)
  A bullfrog (D:6)
  A gnoll sergeant (D:5)
  4 necrophages
  A scorpion (D:5)
  5 wights (D:6)
  A howler monkey (D:5)
  5 jellies
  A hound (D:4)
  Jessica (D:3)
  An iguana (D:5)
  An orc wizard (D:5)
  5 gnolls (D:5)
  13 adders
  2 white imps (D:5)
  An ufetubus (D:6)
  4 worms
  3 dart slugs
  8 orcs
  14 endoplasms
  5 giant cockroaches
  3 goblins
  2 hobgoblins (D:2)
  13 jackals
  7 kobolds
  8 quokkas
  3 ball pythons (D:2)
  3 bats
  4 frilled lizards
  2 rats (D:1)
131 creatures vanquished.

Vanquished Creatures (others)
  3 fungi (D:6)
  2 plants (D:2)
5 creatures vanquished.

Grand Total: 136 creatures vanquished

Notes
Turn   | Place    | Note
-------+----------+-------------------------------------------
     0 | D:1      | mopl the Draconian Air Elementalist began the quest for the
                  | Orb.
     0 | D:1      | Reached XP level 1. HP: 14/14 MP: 3/3
   323 | D:1      | Reached XP level 2. HP: 20/20 MP: 0/5
   384 | D:1      | Learned a level 2 spell: Static Discharge
  1104 | D:2      | Reached XP level 3. HP: 26/26 MP: 1/6
  1156 | D:2      | Reached skill level 2 in Conjurations
  1417 | D:2      | Reached XP level 4. HP: 32/33 MP: 4/8
  1959 | D:3      | Reached skill level 3 in Spellcasting
  2386 | D:3      | Noticed Jessica
  2389 | D:3      | Killed Jessica
  2390 | D:3      | Reached skill level 4 in Air Magic
  2517 | D:4      | Learned a level 4 spell: Airstrike
  2545 | D:4      | Noticed Menkaure
  2555 | D:4      | Killed Menkaure
  2556 | D:4      | Reached skill level 3 in Conjurations
  2556 | D:4      | Reached XP level 5. HP: 16/38 MP: 2/10
  2656 | D:4      | Reached XP level 6. HP: 44/45 MP: 7/11
  2940 | D:4      | Found Yhedan's Vocational Training.
  3192 | D:5      | Entered Level 5 of the Dungeon
  3214 | D:5      | Found a staircase to the Ecumenical Temple.
  3239 | Temple   | Entered the Ecumenical Temple
  3260 | Temple   | Became a worshipper of Vehumet
  3332 | D:5      | Reached skill level 4 in Spellcasting
  3402 | D:5      | Reached skill level 4 in Conjurations
  3413 | D:5      | Reached skill level 5 in Air Magic
  3451 | D:5      | Found Caekhutu's Assorted Antiques.
  3457 | D:5      | Bought a scroll labelled BINUOF YM TIU for 29 gold pieces
  3457 | D:5      | Bought a scroll labelled YDIEFA XOTEQO for 29 gold pieces
  3457 | D:5      | Bought a smoky green potion for 26 gold pieces
  3457 | D:5      | Bought a scroll labelled VUJOCZY PAIMP for 29 gold pieces
  3539 | D:5      | Your scales start taking on a glossy black colour.
  3539 | D:5      | Reached skill level 6 in Air Magic
  3539 | D:5      | Reached XP level 7. HP: 45/50 MP: 8/13
  3539 | D:5      | Gained mutation: You are resistant to electric shocks.
                  | (rElec) [Black Draconian growth]
  3882 | D:5      | Reached skill level 5 in Spellcasting
  3882 | D:5      | Reached skill level 5 in Conjurations
  3882 | D:5      | Reached skill level 7 in Air Magic
  3893 | D:5      | Reached * piety under Vehumet
  3893 | D:5      | Offered knowledge of Freeze by Vehumet.
  4040 | D:5      | Reached XP level 8. HP: 36/57 MP: 7/15
  4235 | D:6      | Noticed Pikel
  4239 | D:6      | Killed Pikel
  4240 | D:6      | Reached skill level 6 in Spellcasting
  4240 | D:6      | Reached skill level 6 in Conjurations
  4240 | D:6      | Reached skill level 8 in Air Magic
  4280 | D:6      | Got the Codex of Power
  4338 | D:6      | Found a glowing drain.
  4361 | Sewer    | Entered a sewer
  4390 | Sewer    | Noticed Pargi
  4395 | Sewer    | Killed Pargi
  4621 | D:6      | Reached skill level 1 in Fighting
  4621 | D:6      | Reached XP level 9. HP: 64/64 MP: 9/18
  4794 | D:6      | Found a hazy altar of Hepliaklqana.
  4816 | D:6      | Reached skill level 1 in Evocations
  4852 | D:6      | Noticed Sigmund
  4855 | D:6      | Killed Sigmund
  4855 | D:6      | Reached ** piety under Vehumet
  4855 | D:6      | Offered knowledge of Poisonous Vapours by Vehumet.
  4856 | D:6      | Reached skill level 9 in Air Magic
  4886 | D:6      | Splashed by a jelly's acid

Illustrated notes

Levels and vault maps discovered:
D:1:      dpeg_arrival_lava_altar, layout_basic
D:2:      layout_loops_ring, serial_forest, infiniplex_forest_zigzag_2,
          infiniplex_forest_corner_1, infiniplex_forest_corner_1,
          infiniplex_forest_lined_corner, infiniplex_forest_end_double,
          infiniplex_forest_clump_tiny, infiniplex_forest_clump_tiny,
          infiniplex_forest_clump_double, chequers_jeans, minmay_misc_feat_iff
D:3:      layout_basic, serial_corexii_hall, chequers_hall_statues_wall_a,
          chequers_hall_statues_y, minmay_misc_feat_enclosed, uniq_jessica
D:4:      layout_loops_ring, nicolae_shop_vocational, uniq_menkaure
D:5:      minmay_razor_zed, layout_rooms, minmay_temple_entry_statues_pillars,
          serial_shops, kennysheep_little_box
D:6:      lemuel_slime, layout_loops_ring, lemuel_round_altar,
          gup_sewer_entry_pipe, uniq_sigmund, uniq_crazy_yiuf_cottage,
          uniq_pikel
Temple:   kb_temple_of_zot

Skill      XL: |  1  2  3  4  5  6  7  8  9 |
---------------+----------------------------+-----
Conjurations   | 2 3 4 5 6 |  6.9
Spellcasting   | 3 4 5 6 |  6.6
Air Magic      | 4 6 7 8 9 |  9.1
Fighting       | 1 |  1.9
Evocations     | 1 |  1.6
Dodging        | |  1.7
Stealth        | |  1.7

Action                     |  1- 3 |  4- 6 |  7- 9 || total
---------------------------+-------+-------+-------++-------
  Melee: Unarmed           |     9 |       |       ||     9
         Dagger            |    53 |       |       ||    53
         Tailslap          |     9 |    11 |     7 ||    27
         Mace              |    36 |    77 |    40 ||   153
         Punch             |       |     1 |       ||     1
         Spear             |       |       |    11 ||    11
   Cast: Shock             |    49 |    71 |    70 ||   190
         Static Discharge  |       |     2 |    20 ||    22
         Airstrike         |       |       |     2 ||     2
Ability: Breathe Lightning |       |       |     8 ||     8
    Use: Scroll            |       |       |     9 ||     9
   Stab: Sleeping          |       |     2 |     1 ||     3
 Armour: Skin              |    48 |    59 |    30 ||   137
  Dodge: Dodged            |    80 |   108 |    47 ||   235

Table legend: (Time is in decaauts)
 A = Elapsed time spent in this place.
 B = Non-inter-level travel time spent in this place.
 C = Inter-level travel time spent in this place.
 D = Time resting spent in this place.
 E = Time spent auto-exploring this place.
 F = Levels seen in this place.
 G = Mean time per level.
                   A        B        C        D        E       F      G
               +--------+--------+--------+--------+--------+-----+--------+
         Total |   4968 |   4801 |    167 |    585 |   3149 |   8 |  621.0 |
       Dungeon |   4815 |   4655 |    160 |    585 |   3044 |   6 |  802.5 |
        Temple |     27 |     21 |      6 |      0 |     11 |   1 |   27.0 |
         Sewer |    125 |    125 |      0 |      0 |     94 |   1 |  125.0 |
               +--------+--------+--------+--------+--------+-----+--------+

Top non-repeatable levels by time:
     D:5: 958 daAuts
     D:3: 925 daAuts
     D:1: 887 daAuts
     D:2: 736 daAuts
     D:4: 682 daAuts
     D:6: 626 daAuts
   Sewer: 125 daAuts
  Temple: 27 daAuts
